 Dungeon Crawl Stone Soup version 0.29.1-12-g30fa7ad0bf (webtiles) character file.

Game seed: 6010429060267038203

27 Linkola the Gusty (level 2, -1/15 HPs)
             Began as a Deep Elf Air Elementalist on Dec 21, 2022.
             Slain by an adder (4 damage)
             ... on level 1 of the Dungeon.
             The game lasted 00:04:09 (1167 turns).

Linkola the Gusty (Deep Elf Air Elementalist)       Turns: 1167, Time: 00:04:09

Health: -1/15      AC:  3    Str: 11    XL:     2   Next: 93%
Magic:  0/8        EV: 12    Int: 19    God:
Gold:   24         SH:  0    Dex: 15    Spells: 3/8 levels left

rFire   . . .      SeeInvis .   g - +2 hand axe (vamp)
rCold   . . .      Faith    .   (no shield)
rNeg    . . .      Spirit   .   a - +1 robe
rPois   .          Reflect  .   (no helmet)
rElec   .          Harm     .   (no cloak)
rCorr   .          Rampage  .   (no gloves)
Will    .....                   (no boots)
Stlth   ++........              (no amulet)
HPRegen 0.05/turn               f - +6 ring of strength
MPRegen 0.11/turn               (no ring)

@: no status effects
A: no striking features
a: no special abilities


You were on level 1 of the Dungeon.
You visited 1 branch of the dungeon, and saw 2 of its levels.

You collected 24 gold pieces.

Inventory:

Hand Weapons
 g - a +2 vampiric hand axe (weapon)
Armour
 a - a +1 robe (worn)
Jewellery
 f - a +6 ring of strength (left hand)
Potions
 b - a potion of magic
 c - a potion of cancellation
 d - a potion of ambrosia {unknown}
 e - 2 potions of curing {unknown}
 h - a potion of brilliance {unknown}
 i - a potion of attraction {unknown}


   Skills:
 + Level 2.5 Dodging
 + Level 2.7 Stealth
 + Level 3.5 Spellcasting
 + Level 1.3 Conjurations
 + Level 3.6 Air Magic


You had 3 spell levels left.
You knew the following spells:

 Your Spells              Type           Power      Damage    Failure   Level
a - Shock                 Conj/Air       48%        1d6       5%          1
b - Static Discharge      Conj/Air       12%        3-5/arc   8%          2
c - Searing Ray           Conj           16%        2d5       13%         2

Your spell library contained the following spells:

 Spells                   Type           Power      Damage    Failure   Level
 Magic Dart               Conj           32%        1d4       9%          1
 Swiftness                Air            17%        N/A       10%         3
 Apportation              Tloc           6%         N/A       14%         1
 Necrotise                Necr           12%        1d4       14%         1
 Summon Small Mammal      Summ           12%        N/A       14%         1
 Airstrike                Air            8%         2d(2-18)  32%         4
 Fulminant Prism          Conj/Hex       2%         3d6       73%         4


Dungeon Overview and Level Annotations

Branches:
Dungeon (2/15)

Altars:


Message History

Aim: an adder (lightly wounded, 48% to hit)
The zap misses the adder.
The adder bites you.
You can't go up here!
The adder bites you but does no damage. The adder attacks as you move away!
The adder bites you.
You are poisoned.
The adder poisons you!
You feel sick.
You feel sick. The adder closely misses you.
The adder attacks as you move away! The adder closely misses you.
You feel sick.
You feel sick.
Aiming: Shock (safe; 5% risk of failure)
Press: ? - help, Q - select action, (/) - cycle Shift-Dir - straight line, f/p - adder
Aim: an adder (lightly wounded, 48% to hit)
The zap misses the adder.
You feel sick.
You are no longer poisoned.
The adder barely misses you. The adder closely misses you.
The adder attacks as you move away! The adder misses you.
The adder completely misses you. The adder attacks as you move away!
The adder misses you.
There is a stone staircase leading up here.
The adder misses you. The adder bites you but does no damage.
Your magical contamination has completely faded away.
You climb upwards.
There is a stone staircase leading down here.
Aiming: Shock (safe; 5% risk of failure)
Press: ? - help, Q - select action, (/) - cycle Shift-Dir - straight line That beam is likely to hit you.
Continue anyway?
The zap hits the adder.
The adder is heavily wounded.
The zap hits the adder.
The adder is severely wounded.
The zap misses you. The adder closely misses you.
You barely miss the adder.
The adder is severely wounded.
The adder bites you.
You die...

#.....................##
#.###...#####.######.#.# #.#
#...# #.######.##. #.# ##.##
#........##. #.#
##.######..###...... #.#
#..................# #.#
#.#.#####..###...#.. #.#
#.#.#####..###......
##.###.S@............###.
#..........###..##....##.
#........................
#.####.....####.#...####. #.#
#.....# #........#.
########.######.#.######...##.#.
##§§§.................#
#...##.#.
§§§§##.##..##..#.#.##.#
#...##.#.
§§§§##.##..##......##.#
#...##.#.


You could see an adder.

Vanquished Creatures
  A ball python (D:1)
  2 endoplasms (D:1)
  2 giant cockroaches (D:1)
  5 goblins (D:1)
  2 hobgoblins (D:1)
  2 quokkas (D:1)
  4 bats (D:1)
  4 kobolds (D:1)
22 creatures vanquished.

Vanquished Creatures (others)
  5 toadstools (D:1)
5 creatures vanquished.

Grand Total: 27 creatures vanquished

Notes
Turn   | Place    | Note
-------+----------+-------------------------------------------
     0 | D:1      | Linkola the Deep Elf Air Elementalist began the quest for
                  | the Orb.
     0 | D:1      | Reached XP level 1. HP: 10/10 MP: 6/6
   301 | D:1      | Reached XP level 2. HP: 15/15 MP: 5/8
   304 | D:1      | Learned a level 2 spell: Static Discharge
   510 | D:1      | Learned a level 2 spell: Searing Ray
  1167 | D:1      | Slain by an adder

Illustrated notes

Levels and vault maps discovered:
D:1:      ldierk_walled_garden, layout_loops_ring, nicolae_figureground_sparkle
D:2:      layout_loops_ring, uniq_natasha, uniq_terence

Action                   || total
-------------------------++-------
Melee: Hand axe          ||     2
 Cast: Shock             ||    47
  Use: Scroll            ||     5
Armor: Robe              ||     2
Dodge: Dodged            ||    11
